 Dungeon Crawl Stone Soup version 0.23-a0-622-g59b4ea9 (webtiles) character file.

399 TheGoonsmith the Cutter (level 6, 0/33 HPs)
             Began as a Vine Stalker Berserker on Dec 23, 2018.
             Was an Elder of Trog.
             Slain by Grinder (4 damage)
             ... while paralysed by Grinder
             ... on level 4 of the Dungeon.
             The game lasted 00:05:40 (2979 turns).

TheGoonsmith the Cutter (Vine Stalker Berserker)    Turns: 2979, Time: 00:05:41

Health: 0/33       AC: 12    Str: 20    XL:     6   Next: 84%
Magic:  0/7        EV:  2    Int:  7    God:    Trog [****..]
Gold:   170        SH:  0    Dex: 15    Spells: 5/5 levels left

rFire    . . .     SeeInvis +   a - +0 short sword
rCold    . . .     Gourm    .   b - +0 shield
rNeg     . . .     Faith    .   s - +0 chain mail
rPois    .         Spirit   +   p - +1 helmet {SInv}
rElec    .         Reflect  .   (no cloak)
rCorr    .         Harm     .   (no gloves)
MR       .....                  t - +0 pair of boots
Stlth    ..........             (no amulet)
HPRegen  0.51/turn              (no ring)
MPRegen  0.10/turn              (no ring)

@: paralysed
A: fangs 2, regeneration 1, magic shield, antimagic bite, no potion heal 3, rot
immunity
a: Berserk, Trog's Hand, Brothers in Arms, Renounce Religion


You were on level 4 of the Dungeon.
You worshipped Trog.
Trog was greatly pleased with you.
You were not hungry.

You visited 1 branch of the dungeon, and saw 4 of its levels.

You collected 170 gold pieces.

Inventory:

Hand Weapons
 a - a +0 short sword (weapon)
Armour
 b - a +0 shield (worn)
 n - a +0 buckler
 p - a +1 helmet of see invisible (worn)
 s - a +0 chain mail (worn)
 t - a +0 pair of boots (worn)
Wands
 r - a wand of paralysis (5)
Scrolls
 d - 2 scrolls of remove curse {unknown}
 g - 6 scrolls of identify {unknown}
 i - 2 scrolls of teleportation {unknown}
 o - a scroll of random uselessness {unknown}
Potions
 e - a potion of haste
 f - a potion of degeneration {unknown}
 h - a potion of curing {unknown}
 j - a potion of lignification {unknown}
 k - a potion of heal wounds {unknown}
 l - a potion of mutation {unknown}
 m - a potion of berserk rage {unknown}
Comestibles
 c - 9 rations


   Skills:
 + Level 3.8 Fighting
 * Level 4.6 Short Blades
 + Level 2.8 Armour
 + Level 2.8 Dodging
 * Level 1.2 Shields


You had 5 spell levels left.
You didn't know any spells.
Your spell library was empty.

Dungeon Overview and Level Annotations

Branches:
Dungeon (4/15)
 Temple: D:4-7

Altars:

Annotations:
D:4 Grinder


Innate Abilities, Weirdness & Mutations

You have extremely sharp teeth.
Your natural rate of healing is unusually fast.
When hurt, damage is shared between your health and your magic reserves.
Your bite disrupts and absorbs the magic of your enemies.
Potions cannot restore your health.
You are immune to rotting.


Message History

You closely miss Grinder.
Grinder is moderately wounded.
Grinder hits you!
You writhe in agony.
You hit Grinder. Your bite misses Grinder.
Grinder is heavily wounded.
Grinder gestures at you. Pain shoots through your body!
You are too injured to fight recklessly!
You are too injured to fight recklessly!
You are too injured to fight recklessly!
You hit Grinder. Your bite misses Grinder.
Grinder is heavily wounded.
Grinder gestures at you.
You suddenly lose the ability to move!
Grinder hits you.
You writhe in agony.
* * * LOW HITPOINT WARNING * * *
Grinder hits you.
* * * LOW HITPOINT WARNING * * *
You writhe in agony.
You die...

#.# #.# #...
##.# #.# ####
>.####..#####
#.#
............#
#.#######
..####..###.#
#........
#..#
#########
#.?# #..#
#.@# #.5#
#..# #..#
#..# ...#
.... #..#.


You could see Grinder.

Vanquished Creatures
  An orc priest (D:3)
  3 orc wizards
  4 gnolls (D:3)
  11 adders
  2 oozes (D:2)
  5 worms
  2 dart slugs
  5 leopard geckos
  14 orcs
  A ball python (D:3)
  9 giant cockroaches
  11 goblins
  7 hobgoblins
  8 jackals
  6 bats
  3 frilled lizards
  8 kobolds
  9 rats
109 creatures vanquished.

Notes
Turn   | Place    | Note
-------+----------+-------------------------------------------
     0 | D:1      | TheGoonsmith the Vine Stalker Berserker began the quest for
                  | the Orb.
     0 | D:1      | Reached XP level 1. HP: 11/11 MP: 2/2
   129 | D:1      | Reached XP level 2. HP: 16/16 MP: 3/3
   307 | D:1      | Reached skill level 3 in Short Blades
   535 | D:2      | Reached XP level 3. HP: 19/19 MP: 4/4
   561 | D:2      | Reached ** piety under Trog
  1379 | D:2      | Gained mutation: Your natural rate of healing is unusually
                  | fast. [Vine Stalker growth]
  1379 | D:2      | Reached XP level 4. HP: 17/24 MP: 5/5
  1990 | D:2      | Reached XP level 5. HP: 10/28 MP: 2/6
  2190 | D:3      | Reached *** piety under Trog
  2272 | D:3      | Reached skill level 4 in Short Blades
  2387 | D:3      | You fall through a shaft!
  2469 | D:4      | Paralysed by an orc for 2 turns
  2489 | D:4      | Reached XP level 6. HP: 26/32 MP: 3/7
  2685 | D:3      | Reached skill level 1 in Shields
  2735 | D:3      | Reached **** piety under Trog
  2967 | D:4      | Noticed Grinder
  2967 | D:4      | Paralysed by Grinder for 4 turns
  2977 | D:4      | Paralysed by Grinder for 7 turns
  2979 | D:4      | Slain by Grinder

Vault maps used:
D:1:      lightli_arrival_boilingwater, serial_park_tiny_2, hex_intersection
D:2:      minmay_worlds_worst_comb
D:3:      chequers_serial_rivers_marsh, corexii_hall_statues_deadend,
          fountainhead, minmay_misc_feat_four_crosses, minmay_pentangle
D:4:      black_bear_nest_1, kennysheep_little_box, serial_shops, shop_statue,
          uniq_sigmund, uniq_grinder

Skill      XL: |  1  2  3  4  5  6 |
---------------+-------------------+-----
Short Blades   | 3 4 |  4.6
Fighting       | 3 |  3.8
Armour         | 2 |  2.8
Dodging        | 2 |  2.8
Shields        | 1 |  1.2

Action                   |  1- 3 |  4- 6 || total
-------------------------+-------+-------++-------
Melee: Short sword       |    99 |   227 ||   326
       Bite              |    26 |    59 ||    85
Invok: Berserk           |       |     5 ||     5
       Trog's Hand       |       |     1 ||     1
  Use: Potion            |       |     1 ||     1
 Stab: Sleeping          |       |     3 ||     3
  Eat: Chunk             |       |     8 ||     8
       Ration            |       |     1 ||     1
Armor: Animal skin       |     8 |    44 ||    52
       Chain mail        |       |    35 ||    35
Dodge: Dodged            |    55 |   125 ||   180
Block: Buckler           |       |    14 ||    14
       Shield            |       |     5 ||     5

Table legend:
 A = Non-vault XP
 B = Vault XP
 C = Vault XP percentage of total XP
 D = Non-vault monster count
 E = Vault monster count
 F = Vault count percentage of total count
                 A         B        C        D         E       F
            +---------+---------+-------+---------+---------+-------
      Total |     528 |      42 |   7.4 |      96 |      13 |  11.9
            +---------+---------+-------+---------+---------+-------
        D:1 |      32 |       0 |   0.0 |      19 |       0 |   0.0
        D:2 |     123 |      12 |   8.9 |      30 |       6 |  16.7
        D:3 |     245 |      30 |  10.9 |      34 |       7 |  17.1
        D:4 |     128 |       0 |   0.0 |      13 |       0 |   0.0
            +---------+---------+-------+---------+---------+-------
